 Dungeon Crawl Stone Soup version 0.31.0-32-g396128a36d (webtiles) character file.

Game seed: 6399432142490415198

898 Ticonderoga the Changeling (level 8, -1/57 HPs)
             Began as an Octopode Shapeshifter on Apr 8, 2024.
             Was a Believer of Makhleb.
             Slain by an orc
             ... wielding a +0 trident
              (6 damage)
             ... on level 5 of the Dungeon.
             The game lasted 00:07:45 (4362 turns).

Ticonderoga the Changeling (Octopode Shapeshifter)  Turns: 4362, Time: 00:07:46

Health: -1/57      AC:  1    Str: 13    XL:     8   Next: 7%
Magic:  8/8        EV: 13    Int: 14    God:    Makhleb [**....]
Gold:   309        SH:  0    Dex: 12    Spells: 7/7 levels left

rFire   . .          .
                       - Unarmed
rCold   . . .        (no shield)
rNeg    . . .        (helmet currently unavailable)
rPois   .            (no amulet)
rElec   .            (no ring)
rCorr   .            (no ring)
SInv    .            (no ring)
Will    .....        (no ring)
Stlth   ++           (no ring)
HPRegen 0.29/turn    (no ring)
MPRegen 0.11/turn    (no ring)
                     (no ring)

%: no passive effects
@: beast-form
A: beast (slay +3), almost no armour, amphibious, 8 rings, camouflage 1,
gelatinous body 1, (nimble swimmer 1), tentacles
a: Begin Untransformation, Renounce Religion, Minor Destruction


You were on level 5 of the Dungeon.
You worshipped Makhleb.
Makhleb was pleased with you.
You were a hulking beast.
You visited 1 branch of the dungeon, and saw 5 of its levels.
You also visited: Ossuary.

You collected 309 gold pieces.


Innate Abilities, Weirdness & Mutations

You are a hulking beast.
Your limbs bulge with bestial killing power. (Slay +3)
You cannot wear most types of armour.
You are amphibious.
You can wear up to eight rings at the same time.
Your skin changes colour to match your surroundings (Stealth+).
Your rubbery body absorbs attacks. (AC +1, EV +1)
((You are camouflaged when in or above water. (Stealth+)))
You have tentacles for arms and can constrict up to eight enemies at once.


   Skills:
 - Level 6.0 Fighting
 - Level 2.0 Dodging
 - Level 3.0 Unarmed Combat
 + Level 6.7 Shapeshifting


You had 7 spell levels left.
You didn't know any spells.
Your spell library contained the following spells:

 Spells                   Type           Power      Damage    Failure   Level
 Necrotise                Necr           0%         1d4       28%         1
 Cigotuvi's Dreadful Rot  Necr/Alch/Air  0%         N/A       41%         2
 Lesser Beckoning         Tloc           0%         N/A       41%         2
 Gell's Gravitas          Tloc           0%         N/A       65%         3
 Teleport Other           Tloc           0%         N/A       65%         3
 Vampiric Draining        Necr           0%         2d6       65%         3
 Dispel Undead            Necr           0%         3d6       96%         4
 Martyr's Knell           Necr/Summ      0%         N/A       96%         4
 Curse of Agony           Necr           0%         N/A       100%        5
 Death Channel            Necr           0%         N/A       100%        6
 Malign Gateway           Summ/Tloc      0%         N/A       100%        7
 Summon Horrible Things   Summ           0%         N/A       100%        8

Inventory:

Hand Weapons
 r - the +5 whip of Freehold {pain, Int+3 Dex+5}
   (You found it on level 4 of the Dungeon)

   Int+3:     It affects your intelligence (+3).
   Dex+5:     It affects your dexterity (+5).
Missiles
 d - a poisoned dart (quivered)
 n - a throwing net {=f}
Magical Staves
 p - a staff of alchemy {!a}
Jewellery
 q - an amulet of magic regeneration
Talismans
 b - a beast talisman
 c - a flux talisman
Scrolls
 e - 2 scrolls of fog {unknown}
 h - 2 scrolls of identify {unknown}
 k - a scroll of poison {unknown}
 s - a scroll of immolation {unknown}
 w - 2 scrolls of enchant armour {unknown}
 x - a scroll of brand weapon {unknown}
 y - 3 scrolls of butterflies {unknown}
 z - a scroll of teleportation {unknown}
Potions
 a - a potion of lignification
 f - a potion of might {unknown}
 g - a potion of invisibility {unknown}
 i - a potion of ambrosia {unknown}
 j - a potion of cancellation {unknown}
 l - a potion of attraction {unknown}
 m - 3 potions of curing {@q1}
 o - a potion of degeneration {unknown}
 t - a potion of haste {unknown}
 u - a potion of brilliance {unknown}
 v - a potion of mutation {unknown}
 A - a potion of berserk rage {unknown}

Dungeon Overview and Level Annotations

Branches:
Dungeon (5/15)            Ossuary (visited)
 Temple: D:4-7

Altars:
Dithmenos
Elyvilon
Makhleb
Vehumet
Wu Jian

Annotations:
D:5 Blork the orc #.####. #..##.. #...#.. #†#.... ####.###.. #####......... #..o.......... #####o###......... #h$ooS#

#.........
#)#####
#.........
#o#
#.........
..#
#.........
...#
#.........
....#
#.........
.....#
......#


You could see Blork the orc (poisoned), an adder and 3 orcs.


Message History

The orc hits you but does no damage.
Blork the orc hits you but does no damage.
Throw: 2 darts (poison)
Press: ? - help, Q - select action, (/) - cycle Shift-Dir - straight line, f/p - orc
Aim: an orc, wielding a +0 trident and wearing a +0 ring mail (moderately wounded, poisoned, 61% to hit)
You throw a poisoned dart. The poisoned dart hits the orc.
The orc looks even sicker.
The orc is moderately wounded.
The orc hits you but does no damage.
Blork the orc hits you but does no damage.
Okay, then.
Okay, then.
Unknown command.
The orc hits you but does no damage.
Blork the orc screams, "I'll drink your blood!
Soon!"
Blork the orc hits you but does no damage.
Unknown command.
The orc hits you but does no damage.
Blork the orc hits you from afar with a +0 halberd.
* * * LOW HITPOINT WARNING * * *
Unknown command.
The orc hits you but does no damage.
Blork the orc points at you and mumbles some strange words.
The puff of flame hits you.
* * * LOW HITPOINT WARNING * * *
Unknown command.
You feel less wooden.
You turn into a hulking beast.
The orc hits you from afar with a +0 trident.
You die...

Skill      XL: |  1  2  3  4  5  6  7 |
---------------+----------------------+-----
Fighting       | 2 3 4 5 6 |  6.0
Shapeshifting  | 4 6 |  6.7
Dodging        | |  2.0
Unarmed Combat | |  3.0

Action                     |  1- 3 |  4- 6 |  7- 9 || total
---------------------------+-------+-------+-------++-------
  Melee: Unarmed           |    86 |   127 |    28 ||   241
         Constrict         |    24 |    29 |    11 ||    64
         Tentacles         |    16 |    28 |     8 ||    52
         Punch             |     2 |     5 |     1 ||     8
         Whip              |       |     1 |    27 ||    28
  Throw: Dart              |     1 |       |     6 ||     7
    Use: Potion            |       |     1 |     2 ||     3
   Stab: Sleeping          |     6 |     3 |     4 ||    13
 Armour: Skin              |    38 |    62 |    70 ||   170
  Dodge: Dodged            |    68 |    66 |    31 ||   165

Levels and vault maps discovered:
D:1:      nicolae_arrival_somewhat_less_tricky_arrival, layout_basic
D:2:      layout_loops_cross
D:3:      layout_basic, grunt_temple_overflow_cloverleaf,
          mainiacjoe_overflow_surrounded_room
D:4:      layout_rooms, nicolae_ossuary_entry_giza, nrook_mini_backslash
D:5:      layout_basic, minmay_temple_entry_tees, uniq_blork_the_orc

Notes
Turn   | Place    | Note
-------+----------+-------------------------------------------
     0 | D:1      | Ticonderoga the Octopode Shapeshifter began the quest for
                  | the Orb.
     0 | D:1      | Reached XP level 1. HP: 13/13 MP: 1/1
   365 | D:1      | Reached skill level 2 in Fighting
   365 | D:1      | Reached XP level 2. HP: 19/19 MP: 2/2
  1020 | D:2      | Reached XP level 3. HP: 25/25 MP: 3/3
  1072 | D:2      | Reached skill level 3 in Fighting
  1636 | D:3      | Found a white marble altar of Elyvilon.
  1660 | D:3      | Found a burning altar of Makhleb.
  1663 | D:3      | Found an ornate altar of the Wu Jian Council.
  1666 | D:3      | Found a shadowy altar of Dithmenos.
  1669 | D:3      | Found a radiant altar of Vehumet.
  1675 | D:3      | Became a worshipper of Makhleb the Destroyer
  2108 | D:3      | Reached XP level 4. HP: 8/33 MP: 4/4
  2229 | D:3      | Reached skill level 4 in Fighting
  2316 | D:3      | HP: 3/34 [ribbon worm (8)]
  2676 | D:3      | Reached XP level 5. HP: 33/38 MP: 5/5
  2829 | D:4      | Reached skill level 5 in Fighting
  2936 | D:4      | Identified the +5 whip of Freehold {pain, Int+3 Dex+5}
  2946 | D:4      | Found a sand-covered staircase.
  3017 | Ossuary  | Entered an ossuary
  3037 | Ossuary  | Reached * piety under Makhleb
  3092 | Ossuary  | Reached XP level 6. HP: 45/45 MP: 6/6
  3220 | Ossuary  | Reached skill level 4 in Shapeshifting
  3565 | Ossuary  | Reached XP level 7. HP: 51/51 MP: 7/7
  3757 | D:4      | Reached skill level 5 in Shapeshifting
  4082 | D:5      | Entered Level 5 of the Dungeon
  4100 | D:5      | Reached skill level 6 in Fighting
  4325 | D:5      | Reached ** piety under Makhleb
  4345 | D:5      | Reached skill level 6 in Shapeshifting
  4347 | D:5      | Noticed Blork the orc
  4352 | D:5      | Reached XP level 8. HP: 17/57 MP: 8/8
  4361 | D:5      | HP: 7/85 [Blork the orc/puff of flame (6)]
  4362 | D:5      | Slain by an orc

Vanquished Creatures
  A black bear (D:5)
  An ogre (D:5)
  A centaur (D:5)
  2 scorpions (Ossuary)
  A bombardier beetle (D:5)
  2 hounds
  A human zombie (Ossuary)
  An orc priest (D:5)
  5 scorpion zombies (Ossuary)
  4 mummies
  4 gnolls (D:3)
  4 adders
  5 adder zombies (Ossuary)
  2 ribbon worms
  2 dart slugs
  6 orcs
  5 ball pythons
  7 bats
  2 endoplasms
  3 giant cockroaches
  2 gnoll zombies (Ossuary)
  A goblin (D:1)
  8 hobgoblins
  7 jackals
  8 kobolds
  4 quokkas
  2 frilled lizards
  A hobgoblin zombie (D:4)
  3 jackal zombies (Ossuary)
  2 kobold zombies
  2 rats
99 creatures vanquished.

Table legend: (Time is in decaauts)
 A = Elapsed time spent in this place.
 B = Non-inter-level travel time spent in this place.
 C = Inter-level travel time spent in this place.
 D = Time resting spent in this place.
 E = Time spent auto-exploring this place.
 F = Levels seen in this place.
 G = Mean time per level.
                   A        B        C        D        E       F      G
               +--------+--------+--------+--------+--------+-----+--------+
         Total |   4347 |   4208 |    139 |    528 |   2905 |   6 |  724.5 |
       Dungeon |   3706 |   3567 |    139 |    290 |   2696 |   5 |  741.2 |
       Ossuary |    641 |    641 |      0 |    238 |    209 |   1 |  641.0 |
               +--------+--------+--------+--------+--------+-----+--------+

Top non-repeatable levels by time:
     D:3: 1187 daAuts
     D:1: 1009 daAuts
     D:4: 679 daAuts
 Ossuary: 641 daAuts
     D:2: 549 daAuts
     D:5: 281 daAuts

Table legend:
 A = Non-vault XP
 B = Vault XP
 C = Vault XP percentage of total XP
 D = Non-vault monster count
 E = Vault monster count
 F = Vault count percentage of total count
                 A         B        C        D         E       F
            +---------+---------+-------+---------+---------+-------
      Total |     791 |     492 |  38.3 |      74 |      25 |  25.3
            +---------+---------+-------+---------+---------+-------
        D:1 |      31 |       0 |   0.0 |      18 |       0 |   0.0
        D:2 |      31 |       0 |   0.0 |      15 |       0 |   0.0
        D:3 |     126 |       0 |   0.0 |      16 |       0 |   0.0
        D:4 |      66 |      20 |  23.3 |      14 |       3 |  17.6
        D:5 |     537 |       0 |   0.0 |      11 |       0 |   0.0
    Ossuary |       0 |     472 | 100.0 |       0 |      22 | 100.0
            +---------+---------+-------+---------+---------+-------
